AoeStats
← RedPhosphoru

Arabian Desert

510246938Analyzed
1v1 RM · 1d ago on Sep 30, 2026· 17m 47s· 2 players
Game mode
Random Map
Map size
Tiny (2 player)
Population
200
Speed
Normal
Resources
Standard
Victory
Conquest
Starting age
Dark Age
Ending age
Imperial Age
RankedLock teamsTeams togetherTeam positionsShared explorationLock speedFull tech treeHidden civsTurbo modeCheats
Victory
Defeat
🇨🇳 Mongols · China
2599
+8
🇺🇸 Bohemians · United States
2397
-8
RedPhosphoru
9:06 Feudal Age
8:13 Loom
14:21 Castle Age
CNZS_CC
8:14 Feudal Age
8:30 Man-at-Arms
9:12 Loom
18:28 Castle Age
16:46 Double-Bit Axe
18:30 Bloodlines
18:27 Scale Barding Armor
Connection lost

Rejoining the realm…

Still unreachable

The connection could not be restored.

Session expired

The server has moved on; the page needs a fresh start.